 Dungeon Crawl Stone Soup version 0.24.0-123-gd5b16e6ec5 (webtiles) character file.

Game seed: 1464271326023920288, levelgen mode: deterministic

585 Locuples the Covered (level 7, 0/61 HPs)
             Began as a Minotaur Fighter on Feb 1, 2020.
             Was a Follower of Okawaru.
             Slain by an adder (1 damage)
             ... in a sewer.
             The game lasted 00:09:34 (4075 turns).

Locuples the Covered (Minotaur Fighter)             Turns: 4075, Time: 00:09:36

Health: 0/61       AC:  7    Str: 22    XL:     7   Next: 14%
Magic:  6/6        EV:  4    Int:  5    God:    Okawaru [*.....]
Gold:   135        SH:  9    Dex: 10    Spells: 6/6 levels left

rFire    + . .     SeeInvis .   a - +0 long sword
rCold    . . .     Gourm    .   c - +0 shield
rNeg     + . .     Faith    .   b - +0 scale mail
rPois    .         Spirit   .   (helmet restricted)
rElec    .         Reflect  .   (no cloak)
rCorr    .         Harm     .   (no gloves)
MR       .....                  (no boots)
Stlth    ..........             (no amulet)
HPRegen  0.20/turn              n - ring of positive energy
MPRegen  0.10/turn              i - ring of protection from fire

@: constricted
A: retaliatory headbutt, horns 2
a: Heroism, Renounce Religion


You were in a sewer.
You worshipped Okawaru.
Okawaru was aware of your devotion.
You were not hungry.

You visited 1 branch of the dungeon, and saw 6 of its levels.
You also visited: Sewer.

You collected 135 gold pieces.

Inventory:

Hand Weapons
 a - a +0 long sword (weapon)
Armour
 b - a +0 scale mail (worn)
 c - a +0 shield (worn)
Jewellery
 d - a cursed ring of teleportation {unknown}
 i - a ring of protection from fire (right hand)
 n - a ring of positive energy (left hand)
Wands
 j - a wand of polymorph (19)
 u - a wand of enslavement (8)
Scrolls
 g - 4 scrolls of teleportation {unknown}
 h - 3 scrolls of fear {unknown}
 l - a scroll of blinking {unknown}
 m - 3 scrolls of remove curse {unknown}
 q - 2 scrolls of identify {unknown}
 s - a scroll of noise {unknown}
 y - a scroll of magic mapping {unknown}
 z - a scroll of fog {unknown}
Potions
 e - a potion of experience {unknown}
 k - 2 potions of degeneration {unknown}
 o - a potion of berserk rage {unknown}
 p - 2 potions of ambrosia {unknown}
 r - 2 potions of magic
 t - a potion of brilliance {unknown}
 x - a potion of heal wounds {unknown}
Comestibles
 f - 6 rations
 w - 11 chunks of flesh


   Skills:
 + Level 5.3 Fighting
 + Level 6.1 Long Blades
 + Level 7.1 Armour
 - Level 3.6 Shields


You had 6 spell levels left.
You didn't know any spells.
Your spell library was empty.

Dungeon Overview and Level Annotations

Branches:
Dungeon (6/15)              Sewer (1/1)
 Temple: D:4-7

Altars:
Nemelex Xobeh
Okawaru
Trog

Shops:
D:4 *


Innate Abilities, Weirdness & Mutations

You reflexively headbutt those who attack you in melee.
You have a pair of horns on your head.


Message History

The adder bites you but does no damage. You block the adder's attack.
The bullfrog hits you.
* * * LOW HITPOINT WARNING * * *
You block the adder's attack.
The ball python bites you but does no damage.
The ball python constricts you.
It was a potion of magic.
Magic courses through your body. The bullfrog hits you.
* * * LOW HITPOINT WARNING * * *
The bullfrog hits you but does no damage.
The adder bites you but does no damage. You block the adder's attack. x2
You block the bullfrog's attack.
The bullfrog hits you but does no damage.
The ball python bites you.
* * * LOW HITPOINT WARNING * * *
x2 The ball python constricts you.
The adder barely misses you.
You riposte.
You hit the adder. Your headbutt misses the adder.
The adder is almost dead.
The adder bites you.
You die...

#..≈≈≈###..#
##.≈≈.
#≈≈≈≈≈≈#####
#≈≈≈≈≈
#≈≈≈≈≈≈#
#≈≈≈÷≈
#≈≈≈≈≈≈#
#≈÷≈÷≈
#≈≈≈≈≈≈#
#≈÷≈≈≈
#≈≈≈≈≈≈#
#≈≈≈≈≈
#≈≈†≈≈≈#
#≈.≈≈≈
#SSS≈≈≈#
#≈≈[[≈
#S@F≈≈≈#
#≈.≈.≈
#≈F≈≈≈≈#
#≈≈≈≈≈
#≈≈≈≈≈≈#
#≈≈≈≈≈
#≈#≈≈≈≈#
#≈≈≈≈≈
#≈≈≈≈≈≈#
#≈≈≈≈≈
#≈≈≈≈≈≈#
#≈≈≈≈≈
#≈≈≈≈≈≈#
#≈≈≈≈≈
#≈≈≈≈≈≈#
#≈≈≈≈≈
#.≈≈.≈.#
##≈.≈.


You could see 2 bullfrogs, 3 adders and a ball python.

Vanquished Creatures
  A centaur (D:5)
  2 bullfrogs
  A scorpion (D:4)
  A bullfrog skeleton (D:4)
  2 worker ants (D:4)
  4 gnolls (D:2)
  9 adders
  A river rat (Sewer)
  4 oozes
  An adder zombie (D:5)
  6 worms
  A dart slug (D:1)
  2 orcs (D:3)
  11 ball pythons
  2 giant cockroaches (D:3)
  2 goblins (D:1)
  8 hobgoblins
  2 jackals (D:1)
  8 kobolds
  A quokka (D:3)
  3 bats
  2 frilled lizards (Sewer)
  A jackal skeleton (D:5)
  A quokka skeleton (D:4)
  A quokka zombie (D:2)
  36 rats
113 creatures vanquished.

Notes
Turn   | Place    | Note
-------+----------+-------------------------------------------
     0 | D:1      | Locuples the Minotaur Fighter began the quest for the Orb.
     0 | D:1      | Reached XP level 1. HP: 19/19 MP: 0/0
    45 | D:1      | Reached skill level 4 in Armour
    45 | D:1      | Reached XP level 2. HP: 27/27 MP: 1/1
   832 | D:2      | Reached XP level 3. HP: 27/33 MP: 2/2
  1177 | D:2      | Reached XP level 4. HP: 28/41 MP: 3/3
  1322 | D:2      | Reached skill level 5 in Armour
  1572 | D:2      | You fall into a shaft and drop 2 floors!
  1578 | D:4      | Reached XP level 5. HP: 43/47 MP: 4/4
  1824 | D:3      | Found an iron altar of Okawaru.
  2121 | D:3      | Became a worshipper of Warmaster Okawaru
  2408 | D:3      | Noticed a moth of wrath
  2411 | D:3      | Found a bloodstained altar of Trog.
  2456 | D:3      | HP: 1/47 [worm (3)]
  3137 | D:4      | Reached skill level 5 in Long Blades
  3137 | D:4      | Reached XP level 6. HP: 36/55 MP: 5/5
  3272 | D:4      | Reached skill level 5 in Fighting
  3272 | D:4      | Reached skill level 6 in Armour
  3330 | D:4      | Found Jeom's Assorted Antiques.
  3480 | D:5      | Entered Level 5 of the Dungeon
  3480 | D:5      | Found a sparkling altar of Nemelex Xobeh.
  3570 | D:5      | Reached * piety under Okawaru
  3790 | D:6      | Found a glowing drain.
  3796 | D:6      | Reached XP level 7. HP: 55/61 MP: 6/6
  3805 | Sewer    | Entered a sewer
  3973 | Sewer    | Reached skill level 7 in Armour
  4075 | Sewer    | HP: 3/61 [bullfrog (5)]
  4075 | Sewer    | HP: 1/61 [ball python (1)]
  4075 | Sewer    | Slain by an adder

Levels and vault maps discovered:
D:1:      erik_arrival_gehennom, layout_loops_ring, chequers_mini_garden,
          minmay_strange_pillars
D:2:      layout_loops_ring, minmay_heptomino_l4
D:3:      layout_basic, okawaru_metal_pillars_1_2, tgw_trog, first_ration,
          hex_medium
D:4:      layout_loops_corners, lemuel_round_altar, serial_shops, shop_statue
D:5:      layout_basic, nemelex_xobeh_ov_fountains_minmay, minmay_checkerbox,
          uniq_pikel, uniq_ijyb
D:6:      layout_basic, lemuel_doored_altar, minmay_temple_entry_offerings,
          portal_sewer_entry_d
Sewer:    sewer_minmay_w

Skill      XL: |  1  2  3  4  5  6  7 |
---------------+----------------------+-----
Armour         | 4 5 6 7 |  7.1
Fighting       | 4 5 |  5.3
Long Blades    | 3 4 5 6 |  6.1
Shields        | |  3.6

Action                   |  1- 3 |  4- 6 |  7- 9 || total
-------------------------+-------+-------+-------++-------
Melee: Long sword        |    43 |   153 |    80 ||   276
       Headbutt          |    14 |    29 |     7 ||    50
  Use: Potion            |       |     1 |     3 ||     4
  Eat: Chunk             |       |     9 |     2 ||    11
Armor: Scale mail        |    13 |    72 |    98 ||   183
Dodge: Dodged            |     9 |    50 |    63 ||   122
Block: Shield            |    24 |   101 |    83 ||   208
       Rpst.: Long sword |     2 |    20 |    19 ||    41
